Map: Dusk Towers

Players

MorN - Winner!

  • Race: Terran Terran
  • League: Diamond

LordBkmzc

  • Race: Protoss Protoss
  • League: Diamond

VOD

Have the link to the VOD?

Description

Time

  • Played on: Nov. 15, 2015, 6:01 p.m.
  • Length: 8:21
Show
View Real Time Build Order
Export as new Build Order

MorN Terran - Winner!

Build Orders: Command Center First (CC), MMM Bio 

Get SALT Encoding   

  12  0:01  SCV  
  13  0:13  SCV  
  14  0:20  Supply Depot  
  14  0:26  SCV  
  15  0:42  SCV  
  16  1:00  Command Center  
  16  1:05  SCV  
  17  1:14  Barracks  
  17  1:19  SCV  
  18  1:29  Barracks  
  18  1:33  SCV  
  19  1:48  SCV  
  20  1:54  Refinery  
  20  1:55  Refinery  
  20  2:00  SCV  
  21  2:02  Marine  
  22  2:14  Orbital Command x2  
  22  2:18  Marine  
  23  2:29  Barracks  
  23  2:32  Marine  
  24  2:39  Barracks Tech Lab  
  24  2:40  SCV  
  25  2:46  SCV  
  25  2:51  Marine  
  26  2:56  SCV  
  28  2:58  Marine  
  28  2:59  Stimpack  
  28  3:01  SCV  
  28  3:04  Supply Depot  
  30  3:12  Factory  
  30  3:14  Marine  
  30  3:18  Marine  
  30  3:19  Marauder  
  34  3:21  SCV  
  34  3:25  SCV  
  36  3:27  Supply Depot  
  36  3:34  Barracks Reactor  
  36  3:42  Barracks Tech Lab  
  36  3:44  SCV, Marauder  
  36  3:46  SCV  
  40  3:56  SCV, Refinery  
  40  3:59  SCV  
  40  4:00  Starport  
  42  4:05  Factory Reactor  
  42  4:06  Marauder  
  42  4:08  SCV  
  45  4:11  SCV, Supply Depot  
  45  4:12  Marine x3  
  49  4:22  SCV  
  50  4:28  SCV  
  50  4:30  Combat Shields, Engineering Bay  
  51  4:33  Marine x2  
  51  4:34  SCV, Marine  
  55  4:40  SCV  
  56  4:47  SCV, Medivac x2  
  56  4:48  Factory Reactor  
  61  4:53  SCV  
  61  4:59  Supply Depot  
  62  5:03  Supply Depot  
  62  5:08  Concussive Shells  
  62  5:20  SCV x2, Marauder, Marine x2  
  68  5:23  Medivac  
  68  5:25  Medivac  
  72  5:29  Supply Depot, Widow Mine x2  
  72  5:32  SCV x2  
  72  5:35  Supply Depot  
  78  5:44  Terran Infantry Weapons Level 1  
  78  5:50  SCV x2  
  78  5:51  Marauder  
  78  5:53  Command Center  
  78  5:54  Refinery  
  82  6:03  SCV x2, Marine x3  
  87  6:04  Medivac  
  85  6:22  Marine x4  
  85  6:23  Medivac  
  91  6:29  Barracks x2  
  91  6:34  Medivac  
  92  6:40  Marine x2  
  92  6:46  Supply Depot  
  94  6:48  Supply Depot  
  94  6:50  SCV  
  94  6:52  SCV  
  93  7:01  Marine  
  93  7:04  Marine  
  93  7:05  Marauder x2  
  99  7:19  Barracks Reactor, Barracks Tech Lab, Marine  
  99  7:22  Supply Depot, Marine  
  100  7:25  Widow Mine x2  
  100  7:26  Marauder x2, Medivac x2  
  100  7:27  Engineering Bay  
  113  7:31  Orbital Command  
  113  7:32  Armory  
  113  7:37  Marine  
  113  7:40  Marine  
  115  7:45  Marine  
  115  7:47  SCV  
  115  7:48  Marauder x2  
  121  7:55  Marine  
  121  7:58  Marine  
Show
View Real Time Build Order
Export as new Build Order

LordBkmzc Protoss 

Build Orders: 1 Gate Expand, Zealot Archon 

Get SALT Encoding   

  12  0:01  Probe (Chrono Boost)  
  13  0:11  Probe (Chrono Boost)  
  14  0:17  Pylon  
  14  0:22  Probe (Chrono Boost)  
  15  0:35  Gateway  
  15  0:37  Probe (Chrono Boost)  
  16  0:44  Assimilator  
  16  0:47  Probe (Chrono Boost)  
  17  0:58  Probe (Chrono Boost)  
  18  1:09  Probe (Chrono Boost)  
  19  1:22  Cybernetics Core  
  19  1:34  Nexus  
  19  1:45  Probe (Chrono Boost)  
  20  1:54  Assimilator  
  20  1:55  Probe (Chrono Boost)  
  20  1:59  Stalker (Chrono Boost)  
  23  2:07  Pylon  
  23  2:09  Warp Gate  
  23  2:26  Mothership Core  
  25  2:32  Stalker (Chrono Boost)  
  27  2:46  Probe  
  27  2:48  Probe  
  27  2:50  Pylon  
  29  2:56  Probe  
  30  3:00  Probe  
  30  3:01  Gateway  
  31  3:05  Gateway  
  31  3:16  Probe  
  31  3:17  Probe  
  33  3:25  Twilight Council  
  33  3:28  Probe x2  
  35  3:38  Probe  
  35  3:40  Probe  
  37  3:49  Probe  
  37  3:52  Probe  
  37  3:53  Pylon  
  37  3:54  Charge (Chrono Boost)  
  39  3:59  Probe  
  40  4:04  Forge  
  40  4:05  Probe (Chrono Boost)  
  40  4:07  Pylon  
  41  4:11  Probe (Chrono Boost)  
  42  4:20  Assimilator  
  42  4:22  Probe (Chrono Boost)  
  43  4:31  Gateway  
  43  4:33  Gateway  
  43  4:34  Gateway, Protoss Ground Armor Level 1 (Chrono Boost)  
  43  4:38  Probe  
  44  4:39  Probe  
  45  4:48  Assimilator  
  45  4:49  Photon Cannon  
  45  4:56  Photon Cannon  
  45  4:57  Probe  
  46  5:01  Probe  
  47  5:10  Probe  
  47  5:13  Probe  
  49  5:18  Templar Archives  
  49  5:20  Robotics Facility  
  49  5:24  Probe  
  50  5:30  Zealot x3  
  56  5:43  Psionic Storm  
  56  5:51  Nexus  
  56  5:57  High Templar x3  
  56  6:00  Zealot  
  64  6:05  Pylon  
  64  6:07  Observer  
  64  6:15  Archon  
  51  6:26  Pylon  
  51  6:29  Observer  
  48  6:44  Probe x2  
  50  6:52  Zealot x4  
  50  6:53  Zealot x2  
  62  7:03  Probe x2  
  62  7:11  Immortal  
  62  7:15  Probe x2  
  68  7:20  Pylon  
  68  7:29  High Templar x2  
  72  7:34  Archon  
  72  7:35  High Templar  
  72  7:36  Zealot  
  73  7:47  Zealot x2  
  77  7:56  Archon  
  73  8:03  Zealot  
  69  8:09  Pylon  
  69  8:10  Pylon  
Tags
 
Add a new tag
Caveats
  • Supply blocks, unpowered buildings, or Contaminate may cause inaccurate times.
  • Supply counts are checked every 10 seconds.